 Dungeon Crawl Stone Soup version 0.29.1-12-g30fa7ad0bf (webtiles) character file.

Game seed: 6232900027971634794

45 soggyman666 the Magician (level 3, -1/25 HPs)
             Began as a Djinni Fire Elementalist on Dec 17, 2022.
             Hit by a stone thrown by a hobgoblin (3 damage)
             ... on level 2 of the Dungeon.
             The game lasted 00:02:50 (1773 turns).

soggyman666 the Magician (Djinni Fire Elementalist) Turns: 1773, Time: 00:02:50

Health: -1/25      AC:  2    Str:  7    XL:     3   Next: 90%
Gold:   61         EV: 12    Int: 18    God:
                   SH:  0    Dex: 13

rFire   + + .      SeeInvis .   g - staff of earth
rCold   x . .      Faith    .   (no shield)
rNeg    . . .      Spirit   .   a - +0 robe
rPois   ∞          Reflect  .   (no helmet)
rElec   .          Harm     .   (no cloak)
rCorr   .          Rampage  .   (no gloves)
Will    .....                   (boots unavailable)
Stlth   ++........              (no amulet)
HPRegen 0.08/turn               (no ring)
MPRegen 0.00/turn               (no ring)

@: brilliant, flying, very slightly contaminated
A: sickness immunity, fire resistance 2, cold vulnerability 1, float, innate
caster, HP casting, extra vitality 1
a: no special abilities


You were on level 2 of the Dungeon.
You visited 1 branch of the dungeon, and saw 2 of its levels.

You collected 61 gold pieces.

Inventory:

Armour
 a - a +0 robe (worn)
Magical Staves
 g - a staff of earth (weapon)
Potions
 e - a potion of curing {unknown}


   Skills:
 + Level 2.3 Dodging
 + Level 2.2 Stealth
 + Level 3.2 Spellcasting


You couldn't memorise any spells.
You knew the following spells:

 Your Spells              Type           Power      Damage    Failure   Level
a - Foxfire               Conj/Fire      84%        2x1d8     4%          1
b - Scorch                Fire           42%        2d7       6%          2
c - Conjure Flame         Conj/Fire      21%        6-21      13%         3
d - Inner Flame           Hex/Fire       21%        N/A       13%         3
e - Flame Wave            Conj/Fire      21%        2d8       38%         4
f - Sting                 Tmut/Pois      84%        1d7       4%          1
Your spell library was empty.

Dungeon Overview and Level Annotations

Branches:
Dungeon (2/15)

Altars:


Innate Abilities, Weirdness & Mutations

You are immune to sickness and miasma.
You are immune to poison.
Your flesh is very heat resistant. (rF++)
You are vulnerable to cold. (rC-)
You float through the air rather than walking.
You learn spells naturally, not from books.
Your magical power is your life essence.
You have superior vitality. (+4 MHP)


Message History

It was a potion of brilliance.
You feel clever all of a sudden. The bat hits you but does no damage.
You are too injured to fight recklessly!
Casting: Scorch (safe; 7% risk of failure)
Confirm with . or Enter, or press ? or * to list all spells.
You don't know that spell.
Casting: Scorch (safe; 7% risk of failure)
Confirm with . or Enter, or press ? or * to list all spells.
You feel a surge of power!
You conjure some foxfire!
* * * LOW HITPOINT WARNING * * *
The bat hits you but does no damage.
Unknown command.
The foxfire hits the bat!
You kill the bat!
A kobold comes into view. It is wielding a +0 short sword.
The foxfire hits the kobold.
You kill the kobold!
Unknown command.
Casting: Foxfire (safe; 4% risk of failure)
Confirm with . or Enter, or press ? or * to list all spells.
You feel a surge of power!
You miscast Foxfire.
Nothing appears to happen.
* * * LOW HITPOINT WARNING * * *
The kobold shouts!
The goblin shoots a sling bullet.
The sling bullet barely misses you.
Casting: Foxfire (safe; 4% risk of failure)
Confirm with . or Enter, or press ? or * to list all spells.
You feel a surge of power!
You conjure some foxfire!
* * * LOW HITPOINT WARNING * * *
The foxfire hits the goblin!
You kill the goblin!
A hobgoblin comes into view.
Your foxfire dissipates!
The kobold throws a stone.
The stone misses you.
Casting: Foxfire (safe; 4% risk of failure)
Confirm with . or Enter, or press ? or * to list all spells.
You don't have enough health to cast this spell.
You see here an adder corpse.
The hobgoblin throws a stone.
The stone hits you.
You die...

.......... .. ..........
#........... <.........
#.......... # ..........
###........... # ..........##
##...#......#.#.
...........####......)..#.#...
##########.................####.
......................(.........
.#############.!@...K...........
.# ##........g........ .#
##...#...#!....... ##
#########†)...... # #..g.....
......... .##...... #. #.>... ?⌠
....#


You could see a hobgoblin and a kobold.

Vanquished Creatures
  An adder (D:2)
  2 dart slugs
  2 bats
  An endoplasm (D:1)
  3 hobgoblins
  6 jackals (D:1)
  A ball python (D:2)
  A frilled lizard (D:1)
  4 goblins
  4 kobolds
  5 rats
30 creatures vanquished.

Vanquished Creatures (others)
  97 foxfires
97 creatures vanquished.

Grand Total: 127 creatures vanquished

Notes
Turn   | Place    | Note
-------+----------+-------------------------------------------
     0 | D:1      | soggyman666 the Djinni Fire Elementalist began the quest
                  | for the Orb.
     0 | D:1      | soggyman666 set off with the following spells memorised:
                  | Foxfire, Scorch, Conjure Flame, Inner Flame, Flame Wave.
     0 | D:1      | Reached XP level 1. HP: 15/15 MP: 0/0
   296 | D:1      | Reached XP level 2. HP: 16/21 MP: 0/0
  1108 | D:1      | Reached skill level 3 in Spellcasting
  1301 | D:1      | Reached XP level 3. HP: 21/25 MP: 0/0
  1301 | D:1      | Learned a level 1 spell: Sting
  1773 | D:2      | Hit by a stone thrown by a hobgoblin

Illustrated notes

Levels and vault maps discovered:
D:1:      minmay_arrival_three_doors, layout_loops_cross,
          grunt_decor_resistance, nicolae_concentric_dashed_squares_wild,
          wander_ebering_terrifying_dragon_lair
D:2:      layout_rooms, serial_rivers, chequers_serial_rivers_marsh,
          chequers_serial_rivers_small_3, chequers_serial_rivers_large_b,
          chequers_serial_rivers_micro_c, chequers_serial_rivers_micro_c,
          chequers_ecumenical_altar_simple, st_stairs_1, minmay_pentomino_w4

Skill      XL: |  1  2  3 |
---------------+----------+-----
Spellcasting   | 3 |  3.2
Stealth        | 2 |  2.2
Dodging        | |  2.3

Action                   || total
-------------------------++-------
 Cast: Foxfire           ||    63
       Scorch            ||     7
       Sting             ||     2
  Use: Scroll            ||     4
       Potion            ||     1
Armor: Robe              ||     4
Dodge: Dodged            ||    14
